 Dungeon Crawl Stone Soup version 0.30-a0-475-g03497ec522 (webtiles) character file.

Game seed: 4948936377409002455

62693 Zonian the Slicer (level 15, -2/113 HPs)
             Began as a Djinni Ice Elementalist on Dec 20, 2022.
             Was a Priest of Ashenzari.
             Slain by a large slime creature (31 damage)
             ... on level 12 of the Dungeon.
             The game lasted 01:13:05 (35678 turns).

Zonian the Slicer (Djinni Ice Elementalist)        Turns: 35678, Time: 01:13:06

Health: -2/113     AC:  8    Str:  9    XL:     15   Next: 47%
Gold:   301        EV: 19    Int: 28    God:    Ashenzari [***...] SH:  0 Dex: 24

rFire   + + .      SeeInvis +    O - +10 scimitar of Soef Dak {antimagic, rElec rN+ Will+ Dex+4}
rCold   x . .      Faith    .    (no shield)
rNeg    + . .      Spirit   .    a - +0 robe of Ashenzari's Yoke {Evo, Range} (curse)
rPois   ∞          Reflect  .    L - +1 helmet "Prison of Ashenzari" {Fort, Self} (curse)
rElec   +          Harm     .    (no cloak)
rCorr   .          Rampage  .    t - +2 pair of gloves "Tethered With Me" {Evo, Melee} (curse)
Will    ++...      Clarity  +    (boots unavailable)
Stlth   ++++......               (no amulet)
HPRegen 0.38/turn                j - ring of Ashenzari's Repose {Dex+6, Self, Melee} (curse)
MPRegen 0.00/turn                d - ring of Ashenzari's Suspicion {Int+6, Self, Range} (curse)

@: flying, studying Evocations
A: sickness immunity, fire resistance 2, cold vulnerability 1, float, innate
caster, HP casting, extra vitality 1
a: Renounce Religion, Curse Item, Shatter the Chains


You were on level 12 of the Dungeon.
You worshipped Ashenzari.
Ashenzari was most pleased with you.
You visited 3 branches of the dungeon, and saw 18 of its levels.
You also visited: Ossuary.

You collected 1739 gold pieces.
You spent 1438 gold pieces at shops.

Inventory:

Hand Weapons
 b - a +1 dagger of protection
 e - a +0 hand axe
 f - a +0 dagger
 i - a +1 short sword of holy wrath
 l - a +8 rapier of electrocution
 n - a +0 sling
 v - a +1 antimagic dagger
 E - a +1 scimitar of flaming
 M - the +8 shortbow of Drought {freeze, rF+}
   (You found it on level 4 of the Lair of Beasts)

   Any ammunition fired from it freezes those it strikes, dealing additional
   cold damage.
   It can also slow down cold-blooded creatures.
   rF:        It protects you from fire.
 O - the +10 scimitar of Soef Dak (weapon) {antimagic, rElec rN+ Will+ Dex+4}
   (You bought it in a shop on level 4 of the Dungeon)

   It reduces the magical energy of the wielder, and disrupts the spells and
   magical abilities of those it strikes.
   Natural abilities and divine invocations are not affected.
   Dex:       It affects your dexterity (+4).
   rElec:     It insulates you from electricity.
   rN:        It protects you from negative energy.
   Will:      It increases your willpower.
 R - a +4 sling of freezing
 U - the +5 whip of the King {freeze, rC+ Str+3}
   (You found it on level 12 of the Dungeon)

   It freezes those it strikes, dealing additional cold damage.
   It can also slow down cold-blooded creatures.
   Str:       It affects your strength (+3).
   rC:        It protects you from cold.
Missiles
 r - 22 poisoned darts
 z - 8 javelins
 A - 2 throwing nets
Armour
 a - the cursed +0 robe of Ashenzari's Yoke (worn) {Evo, Range}

   It has a curse which improves the following skills: Evocations: Evocations.
   Ranged Combat: Ranged Weapons and Throwing.
 t - the cursed +2 pair of gloves "Tethered With Me" (worn) {Evo, Melee}
   (You found it on level 3 of the Dungeon)

   It has a curse which improves the following skills: Evocations: Evocations.
   Melee Combat: Short Blades, Long Blades, Axes, Maces & Flails, Polearms,
   Staves and Unarmed Combat.
 L - the cursed +1 helmet "Prison of Ashenzari" (worn) {Fort, Self}
   (You found it on level 3 of the Lair of Beasts)

   It has a curse which improves the following skills: Fortitude: Armour and
   Shields.
   Introspection: Fighting and Spellcasting.
Jewellery
 d - the cursed ring of Ashenzari's Suspicion (right hand) {Int+6, Self, Range}
   (You found it on level 7 of the Dungeon)

   [ring of intelligence]

   Int:       It affects your intelligence (+6).
   It has a curse which improves the following skills: Introspection: Fighting
   and Spellcasting.
   Ranged Combat: Ranged Weapons and Throwing.
 j - the cursed ring of Ashenzari's Repose (left hand) {Dex+6, Self, Melee}
   (You found it on level 2 of the Dungeon)

   [ring of dexterity]

   Dex:       It affects your dexterity (+6).
   It has a curse which improves the following skills: Introspection: Fighting
   and Spellcasting.
   Melee Combat: Short Blades, Long Blades, Axes, Maces & Flails, Polearms,
   Staves and Unarmed Combat.
 s - a ring of protection from fire
 S - a ring of protection from fire
 T - a ring of protection from cold
Wands
 g - a wand of flame (16)
 m - a wand of polymorph (12)
 o - a wand of light (7)
 B - a wand of charming (11)
 D - a wand of roots (7)
 F - a wand of mindburst (11)
Scrolls
 h - 3 scrolls of poison
 p - 2 scrolls of butterflies
 y - 5 scrolls of fog
 J - 7 scrolls of teleportation
 N - 2 scrolls of magic mapping
 Q - 2 scrolls of fear
Potions
 c - 3 potions of degeneration
 k - 4 potions of haste
 q - 3 potions of curing
 u - 6 potions of heal wounds
 w - 3 potions of berserk rage
 x - a potion of mutation
 C - 5 potions of brilliance
 G - 2 potions of invisibility
 H - 4 potions of lignification
 I - 2 potions of cancellation
 K - a potion of resistance
 P - a potion of might


   Skills:
 - Level 9.6(12.8) Fighting
 - Level 11.6(14.4) Short Blades
 + Level 5.7(11.0) Long Blades
 - Level 6.4(8.0) Armour
 - Level 8.0 Dodging
 - Level 8.0 Stealth
 - Level 11.3(14.5) Spellcasting
 - Level 9.5(12.0) Evocations


You had 7 spell levels left.
You knew the following spells:

 Your Spells              Type           Power      Damage    Failure   Level
a - Freeze                Ice            100%       1d10      0%          1
b - Frozen Ramparts       Ice            100%       1d16      1%          3
c - Ozocubu's Armour      Ice            80%        N/A       1%          3
d - Summon Ice Beast      Ice/Summ       80%        N/A       1%          4
e - Kiss of Death         Conj/Necr      100%       2d13      0%          1
f - Passwall              Tmut/Erth      66%        N/A       0%          2
g - Hailstorm             Conj/Ice       80%        3d16      1%          3
h - Manifold Assault      Tloc           80%        N/A       1%          4
i - Dispel Undead         Necr           80%        3d26      1%          4
j - Conjure Ball Lightni  Conj/Air       40%        3x3d13    1%          6
l - Lee's Rapid Deconstr  Erth           40%        3d20*     1%          5
Your spell library was empty.

Dungeon Overview and Level Annotations

Branches:
Dungeon (12/15)            Temple (1/1) D:5            Lair (5/5) D:8
  Swamp (0/4) Lair:3        Snake (0/4) Lair:2        Slime (0/5) Lair:4
    Orc (0/2) D:10        Ossuary (visited)

Altars:
Ashenzari
Cheibriados
Dithmenos
Elyvilon
Fedhas
Gozag
Hepliaklqana
Makhleb
Nemelex Xobeh
Okawaru
Qazlal
Ru
Trog
Uskayaw
Wu Jian
Xom
Yredelemnul
Zin
The Shining One

Shops:
D:4 (   D:10 !

Annotations:
D:6 exclusion: oklob plant
D:7 2 transporters, cforsyth's ghost, novice AtGl
Lair:4 2 transporters


Innate Abilities, Weirdness & Mutations

You are immune to sickness and miasma.
You are immune to poison.
Your flesh is very heat resistant. (rF++)
You are vulnerable to cold. (rC-)
You float through the air rather than walking.
You learn spells naturally, not from books.
Your magical power is your life essence.
You have superior vitality. (+4 MHP)


Message History

The vampire mosquito attacks as you move away!
The vampire mosquito completely misses you.
The vampire mosquito barely misses you. The vampire mosquito misses you.
The vampire mosquito attacks as you move away!
The vampire mosquito closely misses you.
The vampire mosquito bites you but does no damage.
Unknown command.
You hit the vampire mosquito.
The vampire mosquito is lightly damaged.
The vampire mosquito closely misses you.
The vampire mosquito completely misses you.
Unknown command.
You slash the large slime creature!
The large slime creature is severely wounded.
The walls and floor vibrate strangely for a moment.
The vampire mosquito bites you but does no damage.
You slash the large slime creature!
The large slime creature is severely wounded.
The vampire mosquito misses you.
The vampire mosquito completely misses you.
The vampire mosquito closely misses you.
The large slime creature hits you!!
Unknown command.
You hit the large slime creature.
The large slime creature is severely wounded.
The vampire mosquito completely misses you.
The vampire mosquito bites you.
The vampire mosquito closely misses you.
The large slime creature closely misses you.
Unknown command.
Okay, then.
Aiming: Charm
Press: ? - help, Shift-Dir - straight line, f - vampire mosquito
Aim: a vampire mosquito (lightly damaged, chance to affect: 74%)
The vampire mosquito is charmed.
The vampire mosquito closely misses you.
The vampire mosquito bites you.
* * * LOW HITPOINT WARNING * * *
The large slime creature hits you!!
You die...

#........ #........, , *
#........ *, #........ ,
, *, * #........, , * #
#........ ,, * #.
#........ ,
##.#####.#######Jy......,
,
................@y......
##########.........#####*
#.........# #.........#
#..)......#
##########.........# * **
.....[..........>.... , ,
, , #####################
*


You could see a large slime creature, a vampire mosquito and a friendly vampire
mosquito (charmed).

Vanquished Creatures
  4 hydras (Lair:4)
  3 catoblepae (Lair:5)
  Erica (D:8)
  3 boulder beetles
  7 death yaks (Lair:5)
  3 two-headed ogres
  6 deep elf pyromancers
  A wizard (D:11)
  2 ugly things (D:12)
  5 deep elf zephyrmancers (D:11)
  A cyclops (D:12)
  3 manticores
  5 black mambas
  Joseph (D:10)
  10 elephants
  A torpor snail (Lair:1)
  3 rime drakes
  15 cane toads
  2 gargoyles
  An unseen horror (D:10)
  10 komodo dragons
  2 polar bears (Lair:5)
  2 trolls
  4 hornets
  4 slime creatures (D:12)
  8 dream sheep
  23 blink frogs
  2 wraiths (D:11)
  A shadow (D:11)
  66 yaks
  2 wyverns
  A steam dragon (Lair:2)
  2 basilisks
  6 vampire mosquitoes (D:12)
  2 nagas (Lair:2)
  An acid dragon (D:10)
  22 water moccasins
  An ice beast (D:7)
  4 orc warriors
  3 sky beasts
  A black bear (D:6)
  An ogre (D:5)
  A centaur (D:7)
  13 wolves
  2 phantoms
  4 kobold brigands
  10 bullfrogs
  3 scorpions
  A necrophage (D:4)
  3 water moccasin zombies (Ossuary)
  15 killer bees
  A howler monkey (D:6)
  5 electric eels
  2 lava snakes (D:11)
  A jelly (D:5)
  8 hounds
  7 orc priests
  2 gnoll boudas
  12 orc wizards
  An iguana (D:6)
  2 mummies (Ossuary)
  5 gnolls
  11 adders
  A shadow imp (D:7)
  15 white imps
  3 adder zombies (Ossuary)
  2 worms (D:3)
  29 orcs
  9 bats
  7 endoplasms
  A giant cockroach (D:1)
  3 gnoll zombies (Ossuary)
  8 goblins
  10 hobgoblins
  12 jackals
  25 kobolds
  2 quokkas
  3 ball pythons
  4 frilled lizards
  2 hobgoblin zombies (Ossuary)
  6 kobold zombies (Ossuary)
  3 orc zombies (Ossuary)
  6 rats
505 creatures vanquished.

Vanquished Creatures (collateral kills)
  A hydra (Lair:3)
  A rime drake (Lair:1)
  A troll (D:10)
  A water moccasin (Lair:1)
  A bullfrog (Lair:1)
  3 gnolls (D:8)
8 creatures vanquished.

Vanquished Creatures (others)
  26 fungi
  54 plants
80 creatures vanquished.

Grand Total: 593 creatures vanquished

Notes
Turn   | Place    | Note
-------+----------+-------------------------------------------
     0 | D:1      | Zonian the Djinni Ice Elementalist began the quest for the
                  | Orb.
     0 | D:1      | Zonian set off with the following spells memorised: Freeze,
                  | Frozen Ramparts, Ozocubu's Armour, Summon Ice Beast.
     0 | D:1      | Reached XP level 1. HP: 15/15 MP: 0/0
   167 | D:1      | Reached XP level 2. HP: 15/21 MP: 0/0
  1342 | D:1      | Reached XP level 3. HP: 18/25 MP: 0/0
  1342 | D:1      | Learned a level 1 spell: Kiss of Death
  1673 | D:1      | Found a faded altar of an unknown god.
  3097 | D:2      | Reached XP level 4. HP: 29/31 MP: 0/0
  4795 | D:3      | Reached XP level 5. HP: 32/35 MP: 0/0
  4795 | D:3      | Learned a level 2 spell: Passwall
  5408 | D:3      | Reached skill level 5 in Spellcasting
  6185 | D:3      | Reached XP level 6. HP: 18/40 MP: 0/0
  7937 | D:4      | Found Ora Zoott's Weapon Shop.
  8031 | D:4      | Reached XP level 7. HP: 45/45 MP: 0/0
  8031 | D:4      | Learned a level 3 spell: Hailstorm
  8291 | D:4      | Bought a +2 rapier of electrocution for 242 gold pieces
  8578 | D:5      | Entered Level 5 of the Dungeon
  8596 | D:5      | Noticed a water moccasin
  8855 | D:5      | Found a staircase to the Ecumenical Temple.
  8871 | Temple   | Entered the Ecumenical Temple
  8932 | Temple   | Became a worshipper of Ashenzari the Shackled
  8962 | D:5      | Killed a water moccasin
  9110 | D:5      | Reached XP level 8. HP: 45/50 MP: 0/0
  9267 | D:5      | Found a shadowy altar of Dithmenos.
  9702 | D:6      | Noticed a hornet
  9710 | D:6      | Killed a hornet
 10237 | D:6      | Found an iron altar of Okawaru.
 10277 | D:6      | Reached XP level 9. HP: 30/55 MP: 0/0
 10277 | D:6      | Learned a level 4 spell: Manifold Assault
 10536 | D:6      | Noticed an oklob plant
 11470 | D:7      | Identified the cursed +0 robe of Ashenzari's Yoke {Evo,
                  | Range}
 12198 | D:7      | Noticed a troll
 12367 | D:7      | Found a transporter.
 12373 | D:7      | Found a transporter.
 12373 | D:7      | Noticed cforsyth's ghost (novice AtGl)
 12405 | D:7      | Noticed a hornet
 12482 | D:7      | Noticed a queen bee
 12771 | D:7      | Found a sacrificial altar of Ru.
 12793 | D:7      | Reached * piety under Ashenzari
 13022 | D:7      | Killed a troll
 13475 | D:7      | Reached skill level 10 in Spellcasting
 13895 | D:8      | Noticed a hornet
 13898 | D:8      | Killed a hornet
 13931 | D:8      | Reached ** piety under Ashenzari
 14012 | D:8      | Reached XP level 10. HP: 32/60 MP: 0/0
 14043 | D:8      | Found a sand-covered staircase.
 14051 | D:8      | Noticed Erica
 14059 | D:8      | Killed Erica
 14065 | Ossuary  | Entered an ossuary
 14685 | Ossuary  | Reached skill level 1 in Short Blades
 14918 | D:8      | Reached *** piety under Ashenzari
 15092 | D:8      | Noticed a komodo dragon
 15105 | D:8      | Killed a komodo dragon
 15162 | D:8      | Found a staircase to the Lair.
 15175 | Lair:1   | Entered Level 1 of the Lair of Beasts
 15410 | Lair:1   | Noticed a cane toad
 15415 | Lair:1   | Noticed a cane toad
 15417 | Lair:1   | HP: 1/60 [cane toad (12)]
 15818 | Lair:1   | Noticed a rime drake
 15833 | Lair:1   | Killed a cane toad
 15834 | Lair:1   | Reached skill level 5 in Short Blades
 15841 | Lair:1   | Killed a cane toad
 15890 | Lair:1   | Killed a rime drake
 15891 | Lair:1   | Reached XP level 11. HP: 40/65 MP: 0/0
 15891 | Lair:1   | Learned a level 4 spell: Dispel Undead
 16174 | Lair:1   | Reached skill level 5 in Dodging
 16702 | Lair:1   | Identified a scroll of acquirement
 17028 | Lair:1   | Acquired 560 gold pieces
 17164 | Lair:1   | Reached skill level 1 in Fighting
 17358 | Lair:2   | Found a staircase to the Snake Pit.
 18323 | Lair:2   | Noticed an elephant
 18323 | Lair:2   | Noticed an elephant
 18410 | Lair:2   | Killed an elephant
 18411 | Lair:2   | Reached skill level 5 in Fighting
 18414 | Lair:2   | Killed an elephant
 18550 | Lair:2   | Noticed an elephant
 18551 | Lair:2   | Noticed an elephant
 18569 | Lair:2   | Noticed an elephant
 18570 | Lair:2   | Noticed an elephant
 18574 | Lair:2   | Killed an elephant
 18583 | Lair:2   | Killed an elephant
 18592 | Lair:2   | Killed an elephant
 18593 | Lair:2   | Reached XP level 12. HP: 52/90 MP: 0/0
 20160 | Lair:3   | Noticed a seven-headed hydra
 20166 | Lair:3   | Killed a seven-headed hydra
 20274 | Lair:3   | Reached skill level 1 in Evocations
 20759 | Lair:3   | Found a staircase to the Swamp.
 21408 | Lair:4   | Noticed a six-headed hydra
 21412 | Lair:4   | Killed a six-headed hydra
 21413 | Lair:4   | Reached skill level 5 in Evocations
 21548 | Lair:4   | Found a transporter.
 21917 | Lair:4   | Found a transporter.
 22041 | Lair:4   | Reached XP level 13. HP: 102/102 MP: 0/0
 22041 | Lair:4   | Learned a level 5 spell: Lee's Rapid Deconstruction
 22312 | Lair:4   | Found a staircase to the Slime Pits.
 23324 | Lair:4   | Identified the +8 shortbow of Drought {freeze, rF+}
 23329 | Lair:4   | Noticed a five-headed hydra
 23337 | Lair:4   | Killed a five-headed hydra
 23670 | Lair:4   | Noticed a four-headed hydra
 23682 | Lair:4   | Killed a four-headed hydra
 23762 | Lair:4   | Noticed a seven-headed hydra
 23770 | Lair:4   | Killed a seven-headed hydra
 24180 | Lair:5   | Entered Level 5 of the Lair of Beasts
 24547 | Lair:5   | Reached skill level 10 in Short Blades
 26486 | Lair:5   | Noticed a catoblepas
 26559 | Lair:5   | Reached skill level 1 in Armour
 26783 | Lair:5   | Reached XP level 14. HP: 70/108 MP: 0/0
 27675 | Lair:5   | Reached skill level 5 in Armour
 28913 | Lair:5   | Reached skill level 5 in Stealth
 30176 | D:4      | Bought the +10 scimitar of Soef Dak {antimagic, rElec rN+
                  | Will+ Dex+4} for 1036 gold pieces
 30426 | D:9      | Identified the +1 helmet "Adenotur" {rPois MP+9 Stlth+}
 30493 | D:9      | Found a snail-covered altar of Cheibriados.
 30705 | D:9      | Reached skill level 1 in Long Blades
 31504 | D:9      | Acquired a manual of Evocations
 31724 | D:9      | Found a hazy altar of Hepliaklqana.
 31726 | D:9      | Found a shimmering altar of Xom.
 31980 | D:10     | Entered Level 10 of the Dungeon
 32973 | D:10     | Found Reumaet's Distillery.
 32984 | D:10     | Bought a potion of heal wounds for 80 gold pieces
 32984 | D:10     | Bought a potion of heal wounds for 80 gold pieces
 33060 | D:10     | Noticed Joseph
 33076 | D:10     | Killed Joseph
 33378 | D:10     | Found a staircase to the Orcish Mines.
 33896 | D:11     | Reached XP level 15. HP: 108/113 MP: 0/0
 33896 | D:11     | Learned a level 6 spell: Conjure Ball Lightning
 35203 | D:12     | Identified the +5 whip of the King {freeze, rC+ Str+3}
 35374 | D:12     | Reached skill level 5 in Long Blades
 35421 | D:12     | Found a frozen archway.
 35678 | D:12     | Slain by a large slime creature

Illustrated notes

Levels and vault maps discovered:
D:1:      erik_arrival_blinker_ship, layout_loops_ring,
          dilly_ecumenical_altar_fadedgnrine, serial_co_window_serial,
          co_window_corner_a, co_window_corner_a, co_window_cross_1,
          co_window_paths_a, co_window_paths_a, co_window_unsneaky_path_c,
          co_window_2corner, co_window_2corner, co_window_broadway_c,
          co_window_of_opportunity_b, co_window_of_opportunity_c,
          co_window_paths_e, glass_columns_a, glass_columns_a
D:2:      minmay_recursive_quarters, layout_loops_ring
D:3:      minmay_skewed_foursquare, layout_basic, serial_corexii_hall,
          corexii_hall_statues_x, corexii_hall_statues_i
D:4:      layout_layer_cave, serial_shops, shop
D:5:      layout_cave_pools, gammafunk_temple_overflow_wave,
          minmay_temple_entry_proselytizer, minmay_crystal_room
D:6:      lemuel_slime, layout_basic, okawaru_gym_becter,
          nicolae_figureground_sparkle
D:7:      layout_cave_pods, mainiacjoe_overflow_catwalk, gammafunk_ghost_hive
D:8:      layout_rooms, david_lair_shrubbed,
          lightli_ossuary_entry_decrepit_ruins, uniq_erica
D:9:      layout_roguey, regret_index_temple_of_mockery,
          nicolae_overflow_squiral, water_maze_lemuel
D:10:     layout_basic, orc_0_dummy, serial_shops, nicolae_square_shop,
          uniq_joseph
D:11:     layout_basic, serial_corexii_hall, corexii_hall_statues_u,
          chequers_hall_statues_corner_a, corexii_hall_statues_l,
          corexii_hall_statues_s, corexii_hall_statues_i,
          chequers_hall_statues_y, nicolae_lava_and_water,
          minmay_misc_feat_ornament, elves_outpost_lemuel
D:12:     layout_small_grid, portal_ice_cave_entry_imps, uniq_urug
Temple:   eino_temple_lava
Lair:1:   layout_chaotic_city
Lair:2:   layout_cave_pods, guppyfry_snake_entry_island
Lair:3:   layout_roguey, swamp_mist_pool, grunt_forest_small_clearing_treed,
          grunt_megastairs_3
Lair:4:   gammafunk_cloud_chamber, layout_loops_ring, slime_entry_1,
          nzn_random_ring
Lair:5:   evilmike_catoblepas_cave, layout_long_grid

Skill      XL: |  1  2  3  4  5  6  7  8  9 10 11 12 13 14 15 |
---------------+----------------------------------------------+-----
Spellcasting   | 4 5 6 7 8 10 11 | 11.3
Short Blades   | 5 6 11 | 11.6
Dodging        | 3 8 |  8.0
Fighting       | 7 9 |  9.6
Evocations     | 5 7 9 |  9.5
Armour         | 2 6 |  6.4
Stealth        | 7 8 |  8.0
Long Blades    | 3 5 |  5.7

Action                   |  1- 3 |  4- 6 |  7- 9 | 10-12 | 13-15 || total
-------------------------+-------+-------+-------+-------+-------++-------
Melee: Unarmed           |     8 |       |       |       |       ||     8
       Hand axe          |    19 |     8 |       |       |       ||    27
       Short sword       |       |    18 |       |       |       ||    18
       Punch             |       |     1 |     3 |     6 |     8 ||    18
       Dagger            |       |    32 |       |       |       ||    32
       Rapier            |       |       |   130 |   420 |   454 ||  1004
       Scimitar          |       |       |       |       |   281 ||   281
 Fire: Shortbow          |       |       |       |       |    14 ||    14
Throw: Dart              |       |       |       |     1 |       ||     1
 Cast: Freeze            |    47 |    60 |     2 |     3 |       ||   112
       Frozen Ramparts   |       |     2 |    24 |    15 |    27 ||    68
       Ozocubu's Armour  |       |       |     4 |     6 |    16 ||    26
       Hailstorm         |       |       |     4 |       |     1 ||     5
       Kiss of Death     |       |       |     4 |     2 |     2 ||     8
       Summon Ice Beast  |       |       |     3 |     2 |     1 ||     6
       Manifold Assault  |       |       |     3 |     6 |    31 ||    40
       Lee's Rapid Decon |       |       |       |       |    59 ||    59
Invok: Curse Item        |       |       |     3 |     2 |       ||     5
Evoke: Wand              |       |       |       |     9 |     2 ||    11
  Use: Scroll            |     4 |     9 |     6 |     5 |     3 ||    27
       Potion            |       |     1 |     2 |     4 |     2 ||     9
 Stab: Distracted        |     1 |       |       |       |     1 ||     2
       Sleeping          |     1 |     3 |     3 |    10 |    12 ||    29
       Invisible         |       |       |       |       |     1 ||     1
Armor: Robe              |    13 |    16 |    43 |    84 |   119 ||   275
       Skin              |       |       |    14 |       |       ||    14
Dodge: Dodged            |    53 |    64 |   116 |   285 |   483 ||  1001

Table legend: (Time is in decaauts)
 A = Elapsed time spent in this place.
 B = Non-inter-level travel time spent in this place.
 C = Inter-level travel time spent in this place.
 D = Time resting spent in this place.
 E = Time spent auto-exploring this place.
 F = Levels seen in this place.
 G = Mean time per level.
                   A        B        C        D        E       F      G
               +--------+--------+--------+--------+--------+-----+--------+
         Total |  35477 |  34721 |    756 |  18315 |  10489 |  19 | 1867.2 |
       Dungeon |  20514 |  19959 |    555 |   9461 |   6809 |  12 | 1709.5 |
        Temple |     69 |     61 |      8 |      0 |     34 |   1 |   69.0 |
          Lair |  14211 |  14019 |    192 |   8372 |   3634 |   5 | 2842.2 |
       Ossuary |    681 |    681 |      0 |    481 |     12 |   1 |  681.0 |
               +--------+--------+--------+--------+--------+-----+--------+

Top non-repeatable levels by time:
  Lair:5: 4939 daAuts
  Lair:4: 3439 daAuts
     D:3: 2706 daAuts
  Lair:2: 2597 daAuts
     D:7: 2553 daAuts
     D:1: 2539 daAuts
     D:4: 2337 daAuts
  Lair:1: 1814 daAuts
     D:6: 1785 daAuts
     D:9: 1658 daAuts
    D:11: 1504 daAuts
    D:10: 1464 daAuts
  Lair:3: 1419 daAuts
     D:2: 1118 daAuts
     D:5: 1094 daAuts
